TOP OF THE 1ST |
Calgary Lynx batting - Pitching for Phoenix Hotspur Reserves : LHP Ricardo Sánchez
|
Pitching: LHP Ricardo Sánchez
|
|
Batting: RHB Sixto Estrada
|
0-0: Ball 1-0: Swinging Strike 1-1: Foul Ball, location: 2F 1-2: Ball 2-2: SINGLE (Line Drive, 78S)
|
Batting: RHB Jing-sheng Joo
|
0-0: Ball Sixto Estrada is caught stealing 2nd base 1-0: Called Strike 1-1: Called Strike 1-2: Ball 2-2: Ground out 4-3 (Groundball, 4)
|
Batting: RHB José de la Cavallería
|
0-0: Called Strike 0-1: Reached on error, E4 (Groundball, 4S)
|
Batting: RHB Ángelo Delgado
|
0-0: Called Strike 0-1: Foul Ball, location: 2F 0-2: Foul Ball, location: 2F 0-2: Foul Ball, location: 2F 0-2: Ball 1-2: Ball 2-2: Ball 3-2: Fly out, F8 (Flyball, 8LS)
|
Top of the 1st over - 0 runs, 1 hit, 1 error, 1 left on base; Calgary 0 - Phoenix 0 |
BOTTOM OF THE 1ST |
Phoenix Hotspur Reserves batting - Pitching for Calgary Lynx : RHP Lorenzo Díaz
|
Pitching: RHP Lorenzo Díaz
|
|
Batting: RHB Lopahin Davletyarov
|
0-0: Called Strike 0-1: Ground out 5-3 (Groundball, 56S)
|
Batting: RHB Sinfronio Vitor
|
0-0: Foul Ball, location: 2F 0-1: Swinging Strike 0-2: Strikes out swinging
|
Batting: RHB Martín Talia
|
0-0: Swinging Strike 0-1: SINGLE (Line Drive, 78S)
|
Batting: RHB Hieronymus Bosch
|
0-0: Called Strike 0-1: Ball Martín Talia is caught stealing 2nd base
|
Bottom of the 1st over - 0 runs, 1 hit, 0 errors, 0 left on base; Calgary 0 - Phoenix 0 |
TOP OF THE 2ND |
Calgary Lynx batting - Pitching for Phoenix Hotspur Reserves : LHP Ricardo Sánchez
|
Batting: RHB Hank Scorpio
|
0-0: Fly out, F9 (Line Drive, 9)
|
Batting: RHB Luis Delvalle
|
0-0: Foul Ball, location: 2F 0-1: Ball 1-1: Foul Ball, location: 2F 1-2: Ball 2-2: Ball 3-2: Foul Ball, location: 2F 3-2: Base on Balls
|
Batting: RHB Javier Martínez
|
0-0: Swinging Strike Luis Delvalle steals 2nd base 0-1: Swinging Strike 0-2: Ball 1-2: Fly out, F4 (Popup, 3DF)
|
Batting: RHB Rubén Medina
|
0-0: Fly out, F9 (Line Drive, 9LS)
|
Top of the 2nd over - 0 runs, 0 hits, 0 errors, 1 left on base; Calgary 0 - Phoenix 0 |
BOTTOM OF THE 2ND |
Phoenix Hotspur Reserves batting - Pitching for Calgary Lynx : RHP Lorenzo Díaz
|
Batting: RHB Hieronymus Bosch
|
0-0: Called Strike 0-1: Fly out, F7 (Flyball, 7)
|
Batting: LHB Jason DeGeorge
|
0-0: Ball 1-0: Foul Ball, location: 2F 1-1: Ball 2-1: Foul Ball, location: 2F 2-2: Strikes out swinging
|
Batting: RHB Solomon Norment
|
0-0: Foul Ball, location: 2F 0-1: Called Strike 0-2: Foul Ball, location: 2F 0-2: Foul Ball, location: 2F 0-2: Ball 1-2: Ball 2-2: Foul Ball, location: 2F 2-2: Foul Ball, location: 2F 2-2: Strikes out swinging
|
Bottom of the 2nd over - 0 runs, 0 hits, 0 errors, 0 left on base; Calgary 0 - Phoenix 0 |
TOP OF THE 3RD |
Calgary Lynx batting - Pitching for Phoenix Hotspur Reserves : LHP Ricardo Sánchez
|
Batting: LHB Francisco Santos
|
0-0: Ball 1-0: Called Strike 1-1: Foul Ball, location: 2F 1-2: Ball 2-2: Reached on error, E5 (Groundball, 5)
|
Batting: RHB Sixto Estrada
|
0-0: Ball 1-0: Ball 2-0: Foul Ball, location: 2F 2-1: Foul Ball, location: 2F 2-2: Foul Ball, location: 2F 2-2: DOUBLE (Groundball, 5L) Francisco Santos to third
|
Batting: RHB Jing-sheng Joo
|
0-0: Ball 1-0: Ball 2-0: Swinging Strike 2-1: Ground out 4-3 (Groundball, 4M) Francisco Santos scores Sixto Estrada to third
|
Batting: RHB José de la Cavallería
|
0-0: Called Strike 0-1: SINGLE (Line Drive, 4) Sixto Estrada scores
|
Batting: RHB Ángelo Delgado
|
0-0: Called Strike 0-1: Called Strike 0-2: Ball 1-2: Ball 2-2: SINGLE (Groundball, 6MD) José de la Cavallería to second Runner from 2nd tries for 3rd, SAFE, no throw
|
Batting: RHB Hank Scorpio
|
0-0: Ball 1-0: Ball 2-0: Ball 3-0: Called Strike 3-1: Foul Ball, location: 2F 3-2: Base on Balls Ángelo Delgado to second
|
Batting: RHB Luis Delvalle
|
0-0: Foul Ball, location: 2F 0-1: Ball 1-1: Ball 2-1: Foul Ball, location: 2F 2-2: Ball 3-2: SINGLE (Groundball, 6D) José de la Cavallería scores Ángelo Delgado to third Hank Scorpio to second
|
Batting: RHB Javier Martínez
|
0-0: Ball 1-0: Fly out, F8 (Line Drive, 89M) Runner from 3rd tags up, SCORES, no throw
|
Batting: RHB Rubén Medina
|
0-0: Called Strike 0-1: Ball 1-1: Called Strike 1-2: Ball 2-2: Ground out 3-1 (Groundball, 34S)
|
Top of the 3rd over - 4 runs, 4 hits, 1 error, 2 left on base; Calgary 4 - Phoenix 0 |
BOTTOM OF THE 3RD |
Phoenix Hotspur Reserves batting - Pitching for Calgary Lynx : RHP Lorenzo Díaz
|
Batting: RHB José Souza
|
0-0: Ball 1-0: Called Strike 1-1: Ball 2-1: Foul Ball, location: 2F 2-2: Foul Ball, location: 2F 2-2: Ball 3-2: Ground out 3-1 (Groundball, 34S)
|
Batting: RHB Germán Alfaro
|
0-0: Ground out 5-3 (Groundball, 5L)
|
Batting: RHB Francisco Arriagada
|
0-0: Swinging Strike 0-1: SINGLE (Line Drive, 7LS)
|
Batting: RHB Lopahin Davletyarov
|
0-0: Called Strike Francisco Arriagada steals 2nd base 0-1: Ball 1-1: SINGLE (Groundball, 34D) Francisco Arriagada to third Runner from 3rd tries for Home, SAFE, throw made home
|
Batting: RHB Sinfronio Vitor
|
0-0: Foul Ball, location: 2F 0-1: Ball 1-1: Ball 2-1: Called Strike 2-2: Foul Ball, location: 2F 2-2: Ball 3-2: SINGLE (Groundball, 56D) Lopahin Davletyarov to second Lopahin Davletyarov to third
|
Batting: RHB Martín Talia
|
0-0: Ball 1-0: Called Strike 1-1: Ball 2-1: Ground out 5-3 (Groundball, 56S)
|
Bottom of the 3rd over - 1 run, 3 hits, 0 errors, 2 left on base; Calgary 4 - Phoenix 1 |
TOP OF THE 4TH |
Calgary Lynx batting - Pitching for Phoenix Hotspur Reserves : LHP Ricardo Sánchez
|
Batting: LHB Francisco Santos
|
0-0: Ball 1-0: Fly out, F6 (Popup, 6M)
|
Batting: RHB Sixto Estrada
|
0-0: Ball 1-0: Fly out, F9 (Flyball, 9D)
|
Batting: RHB Jing-sheng Joo
|
0-0: Ball 1-0: Ball 2-0: Ball 3-0: Called Strike 3-1: Foul Ball, location: 2F 3-2: Ground out 6-3 (Groundball, 6S)
|
Top of the 4th over - 0 runs, 0 hits, 0 errors, 0 left on base; Calgary 4 - Phoenix 1 |
BOTTOM OF THE 4TH |
Phoenix Hotspur Reserves batting - Pitching for Calgary Lynx : RHP Lorenzo Díaz
|
Batting: RHB Hieronymus Bosch
|
0-0: Ball 1-0: Ball 2-0: SINGLE (Line Drive, 9S)
|
Batting: LHB Jason DeGeorge
|
0-0: Ball 1-0: Swinging Strike 1-1: Ball 2-1: Foul Ball, location: 2F 2-2: Ball 3-2: Foul Ball, location: 2F 3-2: Foul Ball, location: 2F 3-2: Fielders Choice at 2nd, 4-6 (Groundball, 34)
|
Batting: RHB Solomon Norment
|
0-0: Ball 1-0: Called Strike 1-1: Ball 2-1: Fly out, F8 (Line Drive, 89M)
|
Batting: RHB José Souza
|
0-0: SINGLE (Line Drive, 89S) Jason DeGeorge to second
|
Batting: RHB Germán Alfaro
|
0-0: Ball 1-0: Ball 2-0: Called Strike 2-1: Ball 3-1: Base on Balls Jason DeGeorge to third José Souza to second
|
Batting: RHB Francisco Arriagada
|
0-0: Foul Ball, location: 2F 0-1: Ground out 5-3 (Groundball, 56S)
|
Bottom of the 4th over - 0 runs, 2 hits, 0 errors, 3 left on base; Calgary 4 - Phoenix 1 |
TOP OF THE 5TH |
Calgary Lynx batting - Pitching for Phoenix Hotspur Reserves : LHP Ricardo Sánchez
|
Batting: RHB José de la Cavallería
|
0-0: SINGLE (Line Drive, 4MD)
|
Batting: RHB Ángelo Delgado
|
0-0: Foul Ball, location: 2F 0-1: Called Strike 0-2: SINGLE (Line Drive, 56D) José de la Cavallería to second
|
Batting: RHB Hank Scorpio
|
0-0: Fly out, F7 (Flyball, 7S)
|
Batting: RHB Luis Delvalle
|
0-0: Ball 1-0: Swinging Strike 1-1: Swinging Strike 1-2: Ball 2-2: Strikes out swinging
|
Batting: RHB Javier Martínez
|
0-0: Swinging Strike 0-1: Foul Ball, location: 2F 0-2: Ground out 4-3 (Groundball, 4)
|
Top of the 5th over - 0 runs, 2 hits, 0 errors, 2 left on base; Calgary 4 - Phoenix 1 |
BOTTOM OF THE 5TH |
Phoenix Hotspur Reserves batting - Pitching for Calgary Lynx : RHP Lorenzo Díaz
|
Batting: RHB Lopahin Davletyarov
|
0-0: Ball 1-0: Fly out, F9 (Line Drive, 9)
|
Batting: RHB Sinfronio Vitor
|
0-0: Foul Ball, location: 2F 0-1: Ball 1-1: Ball 2-1: Swinging Strike 2-2: Foul Ball, location: 2F 2-2: Foul Ball, location: 2F 2-2: SINGLE (Line Drive, 78M)
|
Batting: RHB Martín Talia
|
0-0: Ball 1-0: Fly out, F5 (Line Drive, 56)
|
Batting: RHB Hieronymus Bosch
|
0-0: Fly out, F9 (Flyball, 9)
|
Bottom of the 5th over - 0 runs, 1 hit, 0 errors, 1 left on base; Calgary 4 - Phoenix 1 |
TOP OF THE 6TH |
Calgary Lynx batting - Pitching for Phoenix Hotspur Reserves : LHP Ricardo Sánchez
|
Batting: RHB Rubén Medina
|
0-0: Foul Ball, location: 2F 0-1: Foul Ball, location: 2F 0-2: Ball 1-2: SINGLE (Groundball, 6D)
|
Pitching: RHP Ty McDaniel
|
|
Batting: LHB Francisco Santos
|
0-0: Bunted foul 0-1: Sac Bunt - play at first, batter OUT! 5-4 Rubén Medina to second
|
Batting: RHB Sixto Estrada
|
0-0: Called Strike 0-1: Ground out 4-3 (Groundball, 4S) Rubén Medina to third
|
Batting: RHB Jing-sheng Joo
|
0-0: Swinging Strike 0-1: Foul Ball, location: 2F 0-2: Foul Ball, location: 2F 0-2: Ball 1-2: SINGLE (Groundball, 56D) Rubén Medina scores
|
Batting: RHB José de la Cavallería
|
0-0: Ball 1-0: SINGLE (Line Drive, 6) Jing-sheng Joo to second
|
Batting: RHB Ángelo Delgado
|
0-0: Swinging Strike 0-1: Swinging Strike 0-2: Foul Ball, location: 2F 0-2: Ball 1-2: Foul Ball, location: 2F 1-2: Foul Ball, location: 2F 1-2: Ball 2-2: Ball 3-2: 3-RUN HOME RUN (Flyball, 7LD), Distance : 357 ft
|
Batting: RHB Hank Scorpio
|
0-0: DOUBLE (Flyball, 89D)
|
Batting: RHB Luis Delvalle
|
0-0: Ball 1-0: Ball 2-0: Ball 3-0: Called Strike 3-1: Foul Ball, location: 2F 3-2: Strikes out looking
|
Top of the 6th over - 4 runs, 5 hits, 0 errors, 1 left on base; Calgary 8 - Phoenix 1 |
BOTTOM OF THE 6TH |
Phoenix Hotspur Reserves batting - Pitching for Calgary Lynx : RHP Lorenzo Díaz
|
Batting: LHB Jason DeGeorge
|
0-0: Called Strike 0-1: Fly out, F7 (Flyball, 7S)
|
Batting: RHB Solomon Norment
|
0-0: Ball 1-0: Foul Ball, location: 2F 1-1: Swinging Strike 1-2: Ball 2-2: Strikes out swinging
|
Batting: RHB José Souza
|
0-0: Ball 1-0: Ball 2-0: Foul Ball, location: 2F 2-1: Foul Ball, location: 2F 2-2: Ball 3-2: Base on Balls
|
Batting: RHB Germán Alfaro
|
0-0: Called Strike 0-1: Called Strike 0-2: Ball 1-2: Ball 2-2: Ball 3-2: Foul Ball, location: 2F 3-2: SINGLE (Groundball, 4M) (infield hit) José Souza to second
|
Pitching: RHP Juan Deliz
|
|
Batting: RHB Francisco Arriagada
|
0-0: Ball 1-0: Ball 2-0: Foul Ball, location: 2F 2-1: Called Strike 2-2: Strikes out swinging
|
Bottom of the 6th over - 0 runs, 1 hit, 0 errors, 2 left on base; Calgary 8 - Phoenix 1 |
TOP OF THE 7TH |
Calgary Lynx batting - Pitching for Phoenix Hotspur Reserves : RHP Ty McDaniel
|
Batting: RHB Javier Martínez
|
0-0: SOLO HOME RUN (Flyball, 7D), Distance : 371 ft
|
Batting: RHB Rubén Medina
|
0-0: Ground out 6-3 (Groundball, 6)
|
Batting: LHB Francisco Santos
|
0-0: Called Strike 0-1: Fly out, F6 (Popup, 6M)
|
Batting: RHB Sixto Estrada
|
0-0: Ball 1-0: Foul Ball, location: 2F 1-1: Ball 2-1: Ball 3-1: Base on Balls
|
Batting: RHB Jing-sheng Joo
|
0-0: Called Strike Sixto Estrada steals 2nd base 0-1: DOUBLE (Line Drive, 89D) Sixto Estrada scores
|
Batting: RHB José de la Cavallería
|
0-0: Ball 1-0: Called Strike 1-1: SINGLE (Groundball, 34D) Jing-sheng Joo to third Runner from 3rd tries for Home, SAFE, no throw
|
Batting: RHB Ángelo Delgado
|
0-0: Swinging Strike 0-1: Ball 1-1: Ball 2-1: Ball 3-1: Base on Balls José de la Cavallería to second
|
Batting: RHB Hank Scorpio
|
0-0: Foul Ball, location: 2F 0-1: Ball 1-1: Ball 2-1: Fly out, F8 (Flyball, 8RD)
|
Top of the 7th over - 3 runs, 3 hits, 0 errors, 2 left on base; Calgary 11 - Phoenix 1 |
BOTTOM OF THE 7TH |
Phoenix Hotspur Reserves batting - Pitching for Calgary Lynx : RHP Juan Deliz
|
Batting: RHB Lopahin Davletyarov
|
0-0: Foul Ball, location: 2F 0-1: Ball 1-1: Called Strike 1-2: Strikes out swinging
|
Batting: RHB Sinfronio Vitor
|
0-0: Called Strike 0-1: Ball 1-1: Ball 2-1: Foul Ball, location: 2F 2-2: Ground out 6-3 (Groundball, 6)
|
Batting: RHB Martín Talia
|
0-0: Called Strike 0-1: Foul Ball, location: 2F 0-2: Foul Ball, location: 2F 0-2: Ball 1-2: Ball 2-2: Strikes out looking
|
Bottom of the 7th over - 0 runs, 0 hits, 0 errors, 0 left on base; Calgary 11 - Phoenix 1 |
TOP OF THE 8TH |
Calgary Lynx batting - Pitching for Phoenix Hotspur Reserves : RHP Ty McDaniel
|
Batting: RHB Luis Delvalle
|
0-0: Called Strike 0-1: Ball 1-1: Foul Ball, location: 2F 1-2: Foul Ball, location: 2F 1-2: Fly out, F9 (Flyball, 9)
|
Batting: RHB Javier Martínez
|
0-0: Fly out, F7 (Flyball, 7LS)
|
Batting: RHB Rubén Medina
|
0-0: Ball 1-0: Foul Ball, location: 2F 1-1: SINGLE (Groundball, 56) (infield hit)
|
Batting: LHB Francisco Santos
|
0-0: Ball 1-0: Foul Ball, location: 2F 1-1: Ground out 5-3 (Groundball, 25)
|
Top of the 8th over - 0 runs, 1 hit, 0 errors, 1 left on base; Calgary 11 - Phoenix 1 |
BOTTOM OF THE 8TH |
Phoenix Hotspur Reserves batting - Pitching for Calgary Lynx : RHP Juan Deliz
|
Batting: RHB Hieronymus Bosch
|
0-0: Ball 1-0: Foul Ball, location: 2F 1-1: Called Strike 1-2: Ball 2-2: Ball 3-2: Base on Balls
|
Batting: LHB Jason DeGeorge
|
0-0: Ball 1-0: Ball 2-0: Ball 3-0: Base on Balls Hieronymus Bosch to second
|
Batting: RHB Solomon Norment
|
0-0: Foul Ball, location: 2F 0-1: Called Strike 0-2: Fly out, F8 (Line Drive, 89D) Runner from 2nd tags up, SAFE at 3rd with throw
|
Batting: RHB José Souza
|
0-0: Called Strike 0-1: Fly out, F7 (Flyball, 7LMF) Runner from 3rd tags up, SCORES, no throw
|
Batting: RHB Germán Alfaro
|
0-0: Called Strike 0-1: Swinging Strike 0-2: Strikes out looking
|
Bottom of the 8th over - 1 run, 0 hits, 0 errors, 1 left on base; Calgary 11 - Phoenix 2 |
TOP OF THE 9TH |
Calgary Lynx batting - Pitching for Phoenix Hotspur Reserves : RHP Ty McDaniel
|
Batting: RHB Sixto Estrada
|
0-0: Ball 1-0: Ball 2-0: Fly out, F8 (Flyball, 78D)
|
Batting: RHB Jing-sheng Joo
|
0-0: Foul Ball, location: 2F 0-1: Called Strike 0-2: Ball 1-2: SINGLE (Groundball, 56D)
|
Pitching: LHP Félix Rivera
|
|
Batting: RHB José de la Cavallería
|
0-0: Called Strike 0-1: Ball 1-1: Swinging Strike 1-2: Ball 2-2: Strikes out swinging
|
Batting: RHB Ángelo Delgado
|
0-0: Foul Ball, location: 2F 0-1: Foul Ball, location: 2F 0-2: Ball 1-2: Ground out U3 (Groundball, 3L)
|
Top of the 9th over - 0 runs, 1 hit, 0 errors, 1 left on base; Calgary 11 - Phoenix 2 |
BOTTOM OF THE 9TH |
Phoenix Hotspur Reserves batting - Pitching for Calgary Lynx : RHP Juan Deliz
|
Now at C: Ieyoshi Yamamoto
|
|
Batting: RHB Francisco Arriagada
|
0-0: Ball 1-0: Fly out, F5 (Line Drive, 6S)
|
Batting: RHB Lopahin Davletyarov
|
0-0: Called Strike 0-1: Ball 1-1: Foul Ball, location: 2F 1-2: Ball 2-2: Ball 3-2: SINGLE (Flyball, 8RS)
|
Batting: RHB Sinfronio Vitor
|
0-0: Called Strike 0-1: Ball 1-1: Swinging Strike 1-2: SINGLE (Groundball, 56D) Lopahin Davletyarov to second
|
Batting: RHB Martín Talia
|
0-0: Called Strike 0-1: Called Strike 0-2: Ball 1-2: Ball 2-2: Foul Ball, location: 2F 2-2: Fly out, F8 (Flyball, 8RD)
|
Batting: RHB Hieronymus Bosch
|
0-0: Ball 1-0: Ball 2-0: Called Strike 2-1: Foul Ball, location: 2F 2-2: Fielders Choice at 2nd, 6-4 (Groundball, 6)
|
Bottom of the 9th over - 0 runs, 2 hits, 0 errors, 2 left on base; Calgary 11 - Phoenix 2 |
|